 Seeded DCSS version 0.30-a0-177-g1cb5dbfd7a (webtiles) character file.

Game seed: 20221001 (custom seed)

121 a11behringer the Cudgeller (level 4, 0/45 HPs)
             Began as a Troll Berserker on Oct 1, 2022.
             Was a Believer of Trog.
             Slain by an orc
             ... wielding a +0 dagger
              (1 damage)
             ... on level 4 of the Dungeon on Oct 2, 2022.
             The game lasted 00:07:22 (2414 turns).

a11behringer the Cudgeller (Troll Berserker)        Turns: 2414, Time: 00:07:22

Health: 0/45       AC:  4    Str: 27    XL:     4   Next: 77%
Magic:  3/3        EV: 10    Int:  3    God:    Trog [**....]
Gold:   335        SH:  0    Dex:  9    Spells: 3/3 levels left

rFire   . . .      SeeInvis .    a - +0 mace
rCold   . . .      Faith    .    (no shield)
rNeg    . . .      Spirit   .    b - +0 animal skin
rPois   .          Reflect  .    (helmet restricted)
rElec   .          Harm     .    (no cloak)
rCorr   .          Rampage  .    (gloves unavailable)
Will    .....                    (boots unavailable)
Stlth   +.........               c - amulet of regeneration
HPRegen 1.87/turn                (no ring)
MPRegen 0.08/turn                (no ring)

@: confused
A: large, unfitting armour, claws 3, regeneration 1, shaggy fur 1, tough skin 1
a: Renounce Religion, Berserk, Trog's Hand


You were on level 4 of the Dungeon.
You worshipped Trog.
Trog was pleased with you.
You visited 1 branch of the dungeon, and saw 4 of its levels.

You collected 335 gold pieces.

Inventory:

Hand Weapons
 a - a +0 mace (weapon)
Armour
 b - a +0 animal skin (worn)
Jewellery
 c - an amulet of regeneration (around neck)
 j - an amulet of reflection
Wands
 n - a wand of light (12)
 p - a wand of charming (13)
Scrolls
 d - 4 scrolls of identify {unknown}
 e - 5 scrolls of teleportation {unknown}
 g - 3 scrolls of magic mapping {unknown}
 m - a scroll of fog {unknown}
 o - a scroll of enchant armour {unknown}
 s - a scroll of blinking {unknown}
Potions
 f - a potion of lignification {unknown}
 h - 3 potions of degeneration {unknown}
 i - 4 potions of curing {unknown}
 k - a potion of resistance {unknown}
 l - a potion of berserk rage {unknown}
 q - a potion of mutation {unknown}
 r - a potion of might {unknown}
 t - a potion of haste {unknown}


   Skills:
 + Level 3.0 Fighting
 * Level 3.8 Maces & Flails
 + Level 2.9 Dodging
 + Level 1.7 Unarmed Combat


You had 3 spell levels left.
You didn't know any spells.
Your spell library was empty.

Dungeon Overview and Level Annotations

Branches:
Dungeon (4/15)
 Temple: D:4-7

Altars:
Qazlal

Shops:
D:2 :=


Innate Abilities, Weirdness & Mutations

You are too large for most types of armour.
You have claws for hands.
Your natural rate of healing is unusually fast.
You are covered in fur. (AC +1)
You have tough skin. (AC +1)


Message History

You are too injured to fight recklessly!
You are too injured to fight recklessly!
You are too injured to fight recklessly!
You closely miss the orc. Something hits you.
Found an amethyst potion.
Something hits you. The orc misses you.
The orc priest invokes the aid of Beogh against you.
You barely resist.
There is an open door, spattered with blood here.
Things that are here:
a +0 club; a +0 leather armour; an orc corpse You sock the orc priest!
The orc priest is severely wounded.
Something hits you but does no damage. The orc priest hits you with a +0 club.
The orc barely misses you.
You hit the orc priest.
The orc priest is almost dead.
You hear some strange, mumbled words.
A puff of flame appears from out of thin air!
The puff of flame hits you! The orc priest hits you with a +0 club.
* * * LOW HITPOINT WARNING * * *
The orc hits you but does no damage. Something hits you.
* * * LOW HITPOINT WARNING * * *
The orc priest looks encouraged for a moment.
The orc hits you but does no damage.
You closely miss the orc priest.
The orc priest is severely wounded.
You hear some strange, mumbled words.
You are confused.
The orc hits you with a +0 dagger.
* * * LOW HITPOINT WARNING * * *
The orc priest barely misses you.
You're too confused to move!
You hear some strange, mumbled words.
A puff of flame appears from out of thin air!
The puff of flame hits you!
* * * LOW HITPOINT WARNING * * *
The orc priest hits you with a +0 club.
* * * LOW HITPOINT WARNING * * *
The orc hits you with a +0 dagger.
You die...

#........#
#........#
#........#
#........#
#........#
#.........
#.o.!...#
###@######
#.{.o....#
#........#
#........#
#........#
#........#
#..<.....#
#........#
#........#


You could see an orc priest and an orc.

Vanquished Creatures
  An iguana (D:3)
  A gnoll (D:1)
  2 adders
  A worm (D:3)
  A dart slug (D:1)
  2 orcs
  2 ball pythons
  5 bats
  4 endoplasms
  13 giant cockroaches (D:2)
  3 goblins
  5 hobgoblins
  3 kobolds
  3 quokkas
  2 frilled lizards (D:3)
  7 rats
55 creatures vanquished.

Notes
Turn   | Place    | Note
-------+----------+-------------------------------------------
     0 | D:1      | a11behringer the Troll Berserker began the quest for the
                  | Orb.
     0 | D:1      | Reached XP level 1. HP: 22/22 MP: 0/0
    68 | D:1      | Found a faded altar of an unknown god.
    94 | D:1      | Upgraded the game from 0.30-a0-172-gc5509c9e31 to
                  | 0.30-a0-177-g1cb5dbfd7a
   139 | D:1      | Reached XP level 2. HP: 29/29 MP: 1/1
   719 | D:1      | Reached skill level 1 in Unarmed Combat
   719 | D:1      | Reached XP level 3. HP: 32/36 MP: 2/2
   873 | D:2      | Found Sooxtonn's Book Shop.
  1012 | D:2      | Reached ** piety under Trog
  1178 | D:2      | Found Muxteh's Jewellery Shoppe.
  1637 | D:3      | Reached XP level 4. HP: 42/44 MP: 3/3
  2072 | D:3      | Found a stormy altar of Qazlal.
  2414 | D:4      | HP: 1/45 [orc priest/+0 club (3)]
  2414 | D:4      | Slain by an orc

Illustrated notes

Levels and vault maps discovered:
D:1:      scummos_arrival_checkerplants, layout_basic,
          chequers_ecumenical_altar_simple_redux, minmay_rat_gold_closets
D:2:      minmay_roachtagon, layout_loops_ring, serial_shops,
          nicolae_square_shop, shop
D:3:      layout_loops_ring, amcnicky_altar_gilded
D:4:      layout_basic, mainiacjoe_overflow_concentric_impassable,
          cheibriados_altar_1, nicolae_overflow_squiral

Skill      XL: |  1  2  3  4 |
---------------+-------------+-----
Maces & Flails | 3 |  3.8
Unarmed Combat | 1 |  1.7
Fighting       | 3 |  3.0
Dodging        | |  2.9

Action                   |  1- 3 |  4- 6 || total
-------------------------+-------+-------++-------
Melee: Mace              |   124 |    63 ||   187
       Punch             |     3 |     2 ||     5
 Stab: Sleeping          |     1 |     1 ||     2
Armor: Animal skin       |    60 |    29 ||    89
Dodge: Dodged            |    60 |    56 ||   116

Table legend: (Time is in decaauts)
 A = Elapsed time spent in this place.
 B = Non-inter-level travel time spent in this place.
 C = Inter-level travel time spent in this place.
 D = Time resting spent in this place.
 E = Time spent auto-exploring this place.
 F = Levels seen in this place.
 G = Mean time per level.
                   A        B        C        D        E       F      G
               +--------+--------+--------+--------+--------+-----+--------+
         Total |   2456 |   2372 |     84 |      0 |   1972 |   4 |  614.0 |
       Dungeon |   2456 |   2372 |     84 |      0 |   1972 |   4 |  614.0 |
               +--------+--------+--------+--------+--------+-----+--------+

Top non-repeatable levels by time:
     D:2: 823 daAuts
     D:1: 800 daAuts
     D:3: 743 daAuts
     D:4: 89 daAuts
